 Dungeon Crawl Stone Soup version 0.26-a0-64-g059e62fbdb (webtiles) character file.

Game seed: 15056477471424871915

250 Hasart the Covered (level 6, -2/42 HPs)
             Began as a Halfling Fighter on June 10, 2020.
             Slain by Edmund
             ... wielding a +2 flail of protection
              (4 damage)
             ... on level 5 of the Dungeon.
             The game lasted 00:04:03 (2904 turns).

Hasart the Covered (Halfling Fighter)               Turns: 2904, Time: 00:04:04

Health: -2/42      AC:  8    Str: 18    XL:     6   Next: 35%
Magic:  6/6        EV:  9    Int:  7    God:
Gold:   98         SH: 10    Dex: 20    Spells: 5/5 levels left

rFire    . . .     SeeInvis .   a - +0 long sword
rCold    . . .     Gourm    .   c - +0 kite shield
rNeg     . . .     Faith    .   b - +0 scale mail
rPois    .         Spirit   .   (no helmet)
rElec    .         Reflect  .   j - +0 cloak
rCorr    .         Harm     .   (no gloves)
MR       +....                  (no boots)
Stlth    ..........             (no amulet)
HPRegen  0.14/turn              t - ring of protection from magic
MPRegen  0.10/turn              e - +6 ring of dexterity

@: no status effects
A: small, mutation resistance 1
a: no special abilities


You were on level 5 of the Dungeon.
You were not hungry.

You visited 1 branch of the dungeon, and saw 5 of its levels.

You collected 98 gold pieces.

Inventory:

Hand Weapons
 a - a +0 long sword (weapon)
Missiles
 v - a boomerang (quivered)
Armour
 b - a +0 scale mail (worn)
 c - a +0 kite shield (worn)
 j - a +0 cloak (worn)
Jewellery
 e - a +6 ring of dexterity (right hand)
 t - a ring of protection from magic (left hand)
Scrolls
 h - a scroll of random uselessness {unknown}
 i - a scroll of fear {unknown}
 l - 3 scrolls of identify {unknown}
 m - a scroll of teleportation {unknown}
 o - a scroll of immolation {unknown}
 r - a scroll of noise {unknown}
Potions
 d - a potion of might
 k - 2 potions of lignification {unknown}
 n - a potion of haste {unknown}
 p - a potion of curing {unknown}
 q - a potion of berserk rage {unknown}
 s - 2 potions of heal wounds {unknown}
 u - a potion of brilliance {unknown}
Comestibles
 f - 3 rations


   Skills:
 + Level 3.5 Fighting
 * Level 4.1 Long Blades
 + Level 0.8 Throwing
 + Level 4.3 Armour
 + Level 4.3 Shields


You had 5 spell levels left.
You didn't know any spells.
Your spell library contained the following spells:

 Spells                   Type           Power        Failure   Level  Hunger
 Confusing Touch          Hex            #.......     100%        3    ####...
 Gell's Gravitas          Tloc           #.........   100%        3    ####...
 Petrify                  Tmut/Erth      #.......     100%        4    #####..
 Metabolic Englaciation   Hex/Ice        #.........   100%        5    ######.
 Yara's Violent Unravell  Hex/Tmut       #.........   100%        5    ######.


Dungeon Overview and Level Annotations

Branches:
Dungeon (4/15)
 Temple: D:4-7

Altars:
Nemelex Xobeh
The Shining One

Annotations:
D:2 1 runed translucent door, Crazy Yiuf
D:5 Edmund


Innate Abilities, Weirdness & Mutations

You are small and have problems with some larger weapons.
You are somewhat resistant to further mutation.


Message History

Edmund says, "Everyone always remembers my brother. 'Who's Edmund?' they ask!"
Edmund hits you with a +2 flail of protection.
* * * LOW HITPOINT WARNING * * *
The crimson imp shouts, "Accept thy failure, thou twisted moon-mazed mimicus!"
You hit Edmund but do no damage.
Edmund is almost dead.
You block Edmund's attack.
You hit Edmund but do no damage.
Edmund is almost dead.
Edmund hits you but does no damage.
You hit Edmund but do no damage.
Edmund is almost dead.
Edmund hits you but does no damage.
You hit Edmund but do no damage.
Edmund is almost dead.
You block Edmund's attack.
You hit Edmund but do no damage.
Edmund is almost dead.
Edmund hits you with a +2 flail of protection.
You die...

########
###############......#
####5.........5@@..####'##
.....############.###♣...♣#
###### #.# #.....# # #.#
#♣...♣# # #.###.....# #
#..####_### ###### #### ###
.....# ####.#


You could see Edmund and a crimson imp.

Vanquished Creatures
  A sky beast (D:5)
  3 gnolls
  3 adders (D:2)
  An ooze (D:2)
  3 worms
  3 dart slugs
  3 leopard geckos
  2 orcs
  A ball python (D:3)
  6 bats
  3 giant cockroaches
  5 goblins
  11 hobgoblins
  9 jackals
  A quokka (D:2)
  7 frilled lizards
  10 kobolds
  A leopard gecko skeleton (D:5)
  8 rats
81 creatures vanquished.

Notes
Turn   | Place    | Note
-------+----------+-------------------------------------------
     0 | D:1      | Hasart the Halfling Fighter began the quest for the Orb.
     0 | D:1      | Reached XP level 1. HP: 15/15 MP: 1/1
   179 | D:1      | Reached XP level 2. HP: 20/20 MP: 2/2
   368 | D:1      | Reached XP level 3. HP: 25/25 MP: 3/3
   942 | D:2      | You fall into a shaft and drop 2 floors!
  1029 | D:2      | Reached XP level 4. HP: 31/31 MP: 4/4
  1612 | D:2      | Found a runed translucent door.
  1613 | D:2      | Noticed Crazy Yiuf
  1681 | D:2      | Found a sparkling altar of Nemelex Xobeh.
  1689 | D:2      | Reached XP level 5. HP: 36/36 MP: 5/5
  2656 | D:3      | You fall into a shaft and drop 2 floors!
  2656 | D:5      | Entered Level 5 of the Dungeon
  2656 | D:5      | Found a glowing golden altar of the Shining One.
  2662 | D:5      | Noticed a sky beast
  2676 | D:5      | Killed a sky beast
  2676 | D:5      | Reached XP level 6. HP: 25/42 MP: 6/6
  2835 | D:5      | Noticed Edmund
  2899 | D:5      | HP: 1/42 [Edmund/+2 flail of protection (6)]
  2904 | D:5      | Slain by Edmund

Illustrated notes

Levels and vault maps discovered:
D:1:      minmay_arrival_open_corners, layout_basic, st_stairs_7,
          minmay_misc_feat_enclosed, minmay_misc_feat_pillars
D:2:      layout_loops_ring, nemelex_dance_club_becter, uniq_crazy_yiuf_cottage
D:3:      layout_basic, minmay_unequal
D:4:      layout_basic, first_ration, due_unseen_surprise, uniq_blork_the_orc
D:5:      layout_loops_ring, nicolae_ru_sacrificial_ziggurat,
          nicolae_overflow_crystal_walls, tso_altar, uniq_edmund

Skill      XL: |  1  2  3  4  5 |
---------------+----------------+-----
Fighting       | 3 |  3.5
Long Blades    | 3 4 |  4.1
Armour         | 4 |  4.3
Shields        | 4 |  4.3
Throwing       | |  0.8

Action                   |  1- 3 |  4- 6 || total
-------------------------+-------+-------++-------
Melee: Long sword        |   109 |   183 ||   292
       Unarmed           |       |    10 ||    10
Throw: Boomerang         |       |     2 ||     2
  Eat: Chunk             |     1 |     6 ||     7
Armor: Scale mail        |    52 |    53 ||   105
       Skin              |       |     2 ||     2
Dodge: Dodged            |    48 |    77 ||   125
Block: Kite shield       |    62 |    95 ||   157
       Rpst.: Long sword |    15 |    19 ||    34

Table legend:
 A = Non-vault XP
 B = Vault XP
 C = Vault XP percentage of total XP
 D = Non-vault monster count
 E = Vault monster count
 F = Vault count percentage of total count
                 A         B        C        D         E       F
            +---------+---------+-------+---------+---------+-------
      Total |     347 |      11 |   3.1 |      78 |       3 |   3.7
            +---------+---------+-------+---------+---------+-------
        D:1 |      51 |       1 |   1.9 |      31 |       1 |   3.1
        D:2 |     118 |      10 |   7.8 |      30 |       2 |   6.2
        D:3 |      48 |       0 |   0.0 |      15 |       0 |   0.0
        D:5 |     130 |       0 |   0.0 |       2 |       0 |   0.0
            +---------+---------+-------+---------+---------+-------
